 Dungeon Crawl Stone Soup version 0.31.0-9-g3a7656b989 (webtiles) character file.

Game seed: 16327366056800428931

102 Sobieck the Shooter (level 4, 0/27 HPs)
             Began as a Deep Elf Hunter on Jan 24, 2024.
             Slain by Natasha (3 damage)
             ... on level 3 of the Dungeon.
             The game lasted 00:03:12 (1837 turns).

Sobieck the Shooter (Deep Elf Hunter)               Turns: 1837, Time: 00:03:13

Health: 0/27       AC:  3    Str:  8    XL:     4   Next: 49%
Magic:  6/6        EV: 13    Int: 14    God:
Gold:   89         SH:  0    Dex: 22    Spells: 3/3 levels left

rFire   . . .        a - +0 shortbow
rCold   . . .        (shield currently unavailable)
rNeg    . . .        c - +0 leather armour
rPois   .            (no helmet)
rElec   .            h - scarf {repulsion}
rCorr   .            (no gloves)
SInv    .            (no boots)
Will    .....        (no amulet)
Stlth   ++           m - +2 ring of dexterity
HPRegen 0.24/turn    (no ring)
MPRegen 0.10/turn

%: repel missiles
@: hasted, very quick
A: no striking features
a: no special abilities


You were on level 3 of the Dungeon.
You visited 1 branch of the dungeon, and saw 3 of its levels.

You collected 119 gold pieces.
You spent 30 gold pieces at shops.

Inventory:

Hand Weapons
 a - a +0 shortbow (weapon)
Missiles
 k - 4 poisoned darts
Armour
 c - a +0 leather armour (worn)
 h - a scarf of repulsion (worn)
Jewellery
 m - a +2 ring of dexterity (left hand)
Scrolls
 d - a scroll of noise {unknown}
 e - 2 scrolls of fear {unknown}
 g - a scroll of revelation {unknown}
 l - a scroll of poison {unknown}
Potions
 f - a potion of brilliance {unknown}
 i - a potion of resistance {unknown}
 j - a potion of cancellation {unknown}


   Skills:
 + Level 2.3 Fighting
 * Level 6.7 Ranged Weapons
 + Level 3.5 Dodging
 - Level 1.2 Stealth


You had 3 spell levels left.
You didn't know any spells.
Your spell library contained the following spells:

 Spells                   Type           Power      Damage    Failure   Level
 Ensorcelled Hibernation  Hex/Ice        0%         N/A       54%         2
 Passwall                 Erth           0%         N/A       77%         3
 Swiftness                Air            0%         N/A       77%         3


Dungeon Overview and Level Annotations

Branches:
Dungeon (3/15)

Altars:

Shops:
D:2 (=

Annotations:
D:3 Natasha


Message History

Unknown command.
Unknown command.
You shoot an arrow.
The arrow hits the endoplasm but does no damage.
Natasha, Servant of Life and Death comes into view.
You shoot an arrow.
Natasha hisses angrily.
The arrow hits the endoplasm.
The endoplasm is heavily wounded.
A hobgoblin comes into view.
You shoot an arrow. The arrow closely misses Natasha.
The hobgoblin shouts!
You shoot an arrow. The arrow closely misses the hobgoblin.
Unknown command.
Unknown command.
You shoot an arrow. The arrow hits Natasha.
Natasha is moderately wounded.
You shoot an arrow. The arrow hits Natasha.
Natasha is severely wounded.
Natasha claws you!
You shoot an arrow. The arrow completely misses Natasha.
Natasha claws you! Natasha claws you.
You are too injured to fight recklessly!
You are too injured to fight recklessly!
Unknown command.
You shoot an arrow. The arrow closely misses Natasha.
Natasha closely misses you.
Unknown command.
You shoot an arrow. The arrow closely misses Natasha.
The arrow hits the hobgoblin!
You kill the hobgoblin!
Natasha claws you.
* * * LOW HITPOINT WARNING * * *
Unknown command.
You shoot an arrow. The arrow misses Natasha.
Natasha claws you.
* * * LOW HITPOINT WARNING * * *
Unknown command.
Unknown command.
Okay, then.
It was a potion of haste.
You feel yourself speed up.
Natasha mumbles some strange words.
Unknown command.
Fire: a) +0 shortbow
Press: ? - help, Q - select action Shift-Dir - straight line, f/p - Natasha
Aim: Natasha (heavily wounded, 61% to hit)
You shoot an arrow. The arrow hits Natasha.
Natasha is heavily wounded.
Natasha claws you.
You die...
Natasha begins licking her fur clean.

## #.########
#Jh@.....#
#5######.# #.
#.# .. #.#
.[.######.###
g...#........#
J...##.###....#
.....
.###....## ####
#.........#
#..<


You could see Natasha, a cerulean imp (summoned) and an endoplasm.

Vanquished Creatures
  An orc priest (D:2)
  2 adders (D:2)
  3 dart slugs
  2 orcs
  A ball python (D:2)
  3 endoplasms
  3 giant cockroaches (D:2)
  5 goblins
  5 hobgoblins
  9 kobolds
  A quokka (D:1)
  4 bats
  4 frilled lizards (D:2)
  3 rats (D:1)
46 creatures vanquished.

Notes
Turn   | Place    | Note
-------+----------+-------------------------------------------
     0 | D:1      | Sobieck the Deep Elf Hunter began the quest for the Orb.
     0 | D:1      | Reached XP level 1. HP: 12/12 MP: 3/3
   116 | D:1      | Reached XP level 2. HP: 17/17 MP: 4/4
   455 | D:2      | Reached skill level 6 in Ranged Weapons
   455 | D:2      | Reached skill level 3 in Dodging
   455 | D:2      | Reached XP level 3. HP: 21/21 MP: 5/5
   936 | D:2      | Reached XP level 4. HP: 26/26 MP: 6/6
  1196 | D:2      | Found Bukoet's Weapon Shop.
  1730 | D:2      | Found Icsic's One-of-a-Kind Rings.
  1736 | D:2      | Bought a +2 ring of dexterity for 30 gold pieces
  1825 | D:3      | Noticed Natasha
  1837 | D:3      | Slain by Natasha

Illustrated notes

Levels and vault maps discovered:
D:1:      minmay_arrival_doors, layout_rooms, minmay_pentomino_o4
D:2:      layout_loops_ring, serial_shops, nicolae_shop_real_fake_doors,
          supply_closet_lemuel, nicolae_shop_unique_rings, serial_park_tiny_2,
          lexackson_kobold_supper
D:3:      layout_basic, overflow_temple_1_default, kennysheep_generic_room_10,
          uniq_natasha

Skill      XL: |  1  2 |
---------------+-------+-----
Fighting       | 2 |  2.3
Ranged Weapons | 6 |  6.7
Dodging        | 3 |  3.5
Stealth        | |  1.2

Action                     |  1- 3 |  4- 6 || total
---------------------------+-------+-------++-------
   Fire: Shortbow          |    70 |    66 ||   136
    Use: Scroll            |     1 |       ||     1
         Potion            |       |     1 ||     1
 Armour: Leather armour    |     9 |     9 ||    18
  Dodge: Dodged            |     7 |     9 ||    16
